 Dungeon Crawl Stone Soup version 0.31.0-4-g52a2dc7128 (webtiles) character file.

Game seed: 14880923225439080173

179 Nick1 the Shield-Bearer (level 5, -4/42 HPs)
             Began as a Formicid Fighter on Jan 21, 2024.
             Blown up by Ijyb (14 damage)
             ... with a mindburst bolt
             ... on level 4 of the Dungeon.
             The game lasted 00:09:08 (1430 turns).

Nick1 the Shield-Bearer (Formicid Fighter)          Turns: 1430, Time: 00:09:09

Health: -4/42      AC: 12    Str: 22    XL:     5   Next: 90%
Magic:  5/5        EV:  3    Int:  8    God:
Gold:   86         SH: 13    Dex: 13    Spells: 4/4 levels left

rFire   . . .        a - +0 war axe
rCold   . . .        l - +0 tower shield
rNeg    . . .        e - +1 plate armour
rPois   .            (helmet unavailable)
rElec   .            (no cloak)
rCorr   .            (no gloves)
SInv    +            (no boots)
Will    .....        (no amulet) Stlth
                     (no ring)
HPRegen 0.27/turn    (no ring)
MPRegen 0.09/turn

%: no passive effects
@: no status effects
A: permanent stasis, dig shafts and tunnels, antennae 3, four strong arms
a: Dig, Shaft Self


You were on level 4 of the Dungeon.
You visited 1 branch of the dungeon, and saw 4 of its levels.

You collected 86 gold pieces.

Inventory:

Hand Weapons
 a - a +0 war axe (weapon)
Missiles
 c - a throwing net
Armour
 e - a +1 plate armour (worn)
 l - a +0 tower shield (worn)
Jewellery
 g - a ring of wizardry
Potions
 b - a potion of curing {unknown}
 d - a potion of might
 f - 2 potions of heal wounds {unknown}
 h - a potion of degeneration {unknown}
 j - a potion of mutation {unknown}


   Skills:
 * Level 4.1 Fighting
 * Level 3.6 Axes
 * Level 3.8 Armour
 * Level 2.4 Stealth
 * Level 4.9 Shields


You had 4 spell levels left.
You didn't know any spells.
Your spell library contained the following spells:

 Spells                   Type           Power      Damage    Failure   Level
 Call Imp                 Summ           0%         N/A       100%        2
 Sublimation of Blood     Necr           0%         N/A       100%        2
 Summon Hydra             Summ           0%         N/A       100%        7


Dungeon Overview and Level Annotations

Branches:
Dungeon (4/15)
 Temple: D:4-7

Altars:

Shops:
D:3 =

Annotations:
D:4 Ijyb


Innate Abilities, Weirdness & Mutations

You cannot be hasted, slowed, berserked, paralysed or teleported.
You can dig through walls and to a lower floor.
You have a pair of large antennae on your head. (SInv)
Your four strong arms can wield two-handed weapons with a shield.


Message History

You kill the hobgoblin!
You see here a scroll of teleportation.
Found a stone staircase leading up.
Found a stone staircase leading down.
Ijyb the Twisted Goblin comes into view.
She is wielding a +0 club and carrying a wand of mindburst.
Ijyb shouts!
There is a stone staircase leading down here.
Found a scroll labelled XEKILL MONAIGI.
Ijyb hits you with a +0 club.
You hit Ijyb.
Ijyb is lightly wounded.
You slash the plant!
The plant begins to die.
You hit the plant.
The plant begins to die.
Ijyb zaps a wand.
Your mind is blasted!
Ijyb hits you but does no damage.
You barely miss Ijyb.
Ijyb is lightly wounded.
You hit the plant but do no damage. You hit the plant.
Ijyb hits you but does no damage.
You miss Ijyb.
Ijyb is lightly wounded.
You hit the plant. You slash the plant!
A nearby plant withers and dies. x2
Ijyb zaps a wand.
Your mind is blasted!
Ijyb hits you but does no damage.
You slash Ijyb!
Ijyb is severely wounded.
Ijyb zaps a wand.
Your mind is blasted!
You hit Ijyb.
Ijyb is almost dead.
You block Ijyb's attack. Ijyb hits you with a +0 club.
You closely miss Ijyb.
Ijyb is almost dead.
You block Ijyb's attack. x2
You closely miss Ijyb.
Ijyb is almost dead.
Ijyb zaps a wand.
Your mind is blasted!
You barely miss Ijyb.
Ijyb is almost dead.
Ijyb zaps a wand.
Your mind is blasted!
* * * LOW HITPOINT WARNING * * *
Ijyb zaps a wand.
Your mind is blasted!
You die...

....# # ##.#.# ## #.
.......# #..
#...##.# ##.
....###?......
.....#
#.....#.#.##.# ...
.. #...g.#.##.#
...#.# #....@..>#.#
#.##.# #..P...#<..#
#.##.#
#........#.###.##.#
#♣♣.P..P.......##.#
..♣~~............#
#..~~~~~.##.#####?.#
#.~~~~♣.♣##.#####.<#
#.~♣~~~P...........#
♣~~~♣~...#.#####..#


You could see Ijyb.

Vanquished Creatures
  An ice beast (D:3)
  2 adders
  A dart slug (D:1)
  3 ribbon worms
  3 orcs (D:3)
  6 endoplasms
  A giant cockroach (D:3)
  5 goblins
  6 hobgoblins
  4 jackals (D:1)
  4 ball pythons
  4 bats
  6 frilled lizards
  5 kobolds
  8 rats
  A spectral goblin (D:1)
60 creatures vanquished.

Notes
Turn   | Place    | Note
-------+----------+-------------------------------------------
     0 | D:1      | Nick1 the Formicid Fighter began the quest for the Orb.
     0 | D:1      | Reached XP level 1. HP: 18/18 MP: 1/1
    23 | D:1      | Found a faded altar of an unknown god.
    97 | D:1      | Reached XP level 2. HP: 22/24 MP: 2/2
   364 | D:2      | Reached XP level 3. HP: 24/30 MP: 3/3
   418 | D:2      | Reached skill level 1 in Stealth
   527 | D:2      | Reached XP level 4. HP: 37/37 MP: 4/4
   937 | D:3      | Found Ililoeb's Jewellery Boutique.
  1123 | D:3      | Noticed an ice beast
  1140 | D:3      | Killed an ice beast
  1141 | D:3      | Reached XP level 5. HP: 22/42 MP: 5/5
  1419 | D:4      | Noticed Ijyb
  1430 | D:4      | Blown up by Ijyb

Illustrated notes

Levels and vault maps discovered:
D:1:      dpeg_arrival_tiny_a, layout_basic,
          dreamdust_ecumenical_altar_drowned_temple
D:2:      layout_rooms
D:3:      layout_loops_ring, serial_shops, nicolae_shop_gaudy_bauble
D:4:      minmay_bubble_buster, layout_loops_ring, minmay_temple_entry_arrows,
          serial_bayou, serial_bayou_pond_c, serial_bayou_pond_d,
          serial_bayou_shore_a, serial_bayou_pond_e, serial_bayou_pond_a,
          serial_bayou_crossing, minmay_rat_hole, uniq_ijyb, uniq_grinder,
          uniq_natasha

Skill      XL: |  1  2  3  4 |
---------------+-------------+-----
Stealth        | 1 2 |  2.4
Fighting       | 4 |  4.1
Axes           | 3 |  3.6
Armour         | |  3.8
Shields        | |  4.9

Action                     |  1- 3 |  4- 6 || total
---------------------------+-------+-------++-------
  Melee: War axe           |    58 |    83 ||   141
    Use: Scroll            |       |     3 ||     3
 Armour: Scale mail        |    12 |       ||    12
         Plate armour      |    48 |    58 ||   106
  Dodge: Dodged            |    26 |    18 ||    44
  Block: Buckler           |    23 |     5 ||    28
         Tower shield      |       |    36 ||    36
